 Dungeon Crawl Stone Soup version 0.17-a0-1409-ge6d9485 (webtiles) character file.

336594 Fizybubbleh the Slayer (level 21, -13/204 HPs)
             Began as a Hill Orc Gladiator on June 22, 2015.
             Was the Champion of Beogh.
             Killed from afar by a titan (35 damage)
             ... with a bolt of lightning
             ... on level 2 of the Depths.
             The game lasted 05:52:45 (52833 turns).

Fizybubbleh the Slayer (Hill Orc Gladiator)        Turns: 52833, Time: 05:52:45

Health: -13/204    AC: 42    Str: 21    XL:     21   Next: 89%
Magic:  30/30      EV: 20    Int: 10    God:    Beogh [******]
Gold:   840        SH:  0    Dex: 25    Spells: 5 memorised, 1 level left

rFire  + . .     SeeInvis +     t - +6 battleaxe "String" {flame, rC+}
rCold  + . .     Clarity  .     a - +8 plate armour of Ebunul {rF+ Dex+3}
rNeg   . . .     SustAt   .     (no shield)
rPois  .         Gourm    .     D - +1 helmet
rElec  .         Spirit   .     v - +1 cloak {MR+}
rCorr  .         Warding  .     c - +2 pair of fencer's gloves {LBl+4 SBl+4 EV+3 Dex+6}
rMut   .         Stasis   .     F - +1 pair of boots {Fly}
MR     ++...                    I - amulet of faith
Stlth  ..........               L - ring of see invisible
                                i - +3 ring of slaying

@: repel missiles, very resistant to hostile enchantments, extremely unstealthy
A: walk on water
a: Smiting, Recall Orcish Followers, Give Item to Named Follower, Renounce
Religion, Evoke Flight
}: 2/15 runes: decaying, gossamer


You were on level 2 of the Depths.
You worshipped Beogh.
Beogh was exalted by your worship.
You were not hungry.

You visited 7 branches of the dungeon, and saw 41 of its levels.
You visited the Abyss 1 time.
You also visited: Bailey and Volcano.

You collected 4528 gold pieces.
You spent 3688 gold pieces at shops.

Inventory:

Hand weapons
 t - the +6 battleaxe "String" (weapon) {flame, rC+}
   (You bought it in a shop on level 4 of the Orcish Mines)

   It has been specially enchanted to burn those struck by it, causing extra
   injury to most foes and up to half again as much damage against particularly
   susceptible opponents.
   Big, fiery blades are also staple armaments of hydra-hunters.
   It protects you from cold.
Armour
 a - the +8 plate armour of Ebunul (worn) {rF+ Dex+3}
   (You bought it in a shop on level 4 of the Orcish Mines)

   It affects your dexterity (+3).
   It protects you from fire.
 c - the +2 pair of fencer's gloves (worn) {LBl+4 SBl+4 EV+3 Dex+6}
   (You found it on level 2 of the Swamp)

   It affects your evasion (+3).
   It affects your dexterity (+6).
 v - a +1 cloak of magic resistance (worn)
 D - a +1 helmet (worn)
 F - a +1 pair of boots of flying (worn)
 P - a +0 cloak of poison resistance
Jewellery
 h - an uncursed ring of magical power
 i - a +3 ring of slaying (left hand)
 j - an uncursed ring of sustain attributes
 I - an amulet of faith (around neck)
 L - a ring of see invisible (right hand)
 M - an uncursed ring of poison resistance
 Z - an uncursed amulet of resist corrosion
Magical devices
 x - a wand of heal wounds (6)
 E - a wand of teleportation (3)
 N - a wand of heal wounds (2)
 U - a wand of enslavement (11)
Scrolls
 d - 13 scrolls of identify
 o - 7 scrolls of teleportation
 q - 3 scrolls of recharging
 w - 11 scrolls of remove curse
 y - 3 scrolls of amnesia
 z - a scroll of silence
 H - 4 scrolls of magic mapping
 J - 2 scrolls of fog
 O - a scroll of brand weapon
 Q - 4 scrolls of summoning
 T - 3 scrolls of enchant armour
 X - 4 scrolls of enchant weapon
Potions
 g - 4 potions of haste
 l - 3 potions of berserk rage
 m - 4 potions of might
 p - 3 potions of magic
 r - 5 potions of resistance
 s - 10 potions of curing
 u - 4 potions of heal wounds
 A - 4 potions of ambrosia
 B - 2 potions of cure mutation
 C - 4 potions of agility
 V - 7 potions of invisibility
 W - 6 potions of brilliance
 Y - a potion of flight
Books
 G - a book of Enchantments

   Spells                             Type                      Level
   a - Cause Fear                     Hexes                        4
   b - Silence                        Hexes/Air                    5
   c - Deflect Missiles               Charms/Air                   6
   d - Haste                          Charms                       6
   e - Discord                        Hexes                        8
Miscellaneous
 b - a sack of spiders {used: 3}
 K - a disc of storms
Comestibles
 e - 8 bread rations
 f - 12 slices of pizza
 k - 43 fruits
 n - 13 meat rations
 R - 2 beef jerkies
 S - 13 royal jellies


   Skills:
 - Level 21.0 Fighting
 - Level 20.0 Axes
 - Level 2.0 Throwing
 - Level 19.1 Armour
 - Level 11.9 Dodging
 + Level 3.0 Hexes
 - Level 11.8 Charms
 - Level 3.4 Air Magic
 - Level 4.1 Invocations
 - Level 13.2 Evocations


You had one spell level left.
You knew the following spells:

 Your Spells              Type           Power        Failure   Level  Hunger
a - Repel Missiles        Chrm/Air       ###...       21%         2    ###....
b - Spectral Weapon       Hex/Chrm       ##......     47%         3    ####...
c - Swiftness             Chrm/Air       ###.....     21%         2    ###....
d - Deflect Missiles      Chrm/Air       ###.......   100%        6    #######
e - Haste                 Chrm           ###.....     100%        6    #######


Dungeon Overview and Level Annotations

Branches:
Dungeon (15/15)            Temple (0/1) D:4            Lair (8/8) D:11
  Swamp (4/4) Lair:3       Spider (4/4) Lair:6          Orc (4/4) D:9
    Elf (0/3) Orc:3        Vaults (4/5) D:13          Crypt (0/3) Vaults:2
 Depths (2/5) D:15
  Slime: Lair:6-8

Altars:
Ashenzari
Dithmenos
Elyvilon
Gozag
Nemelex Xobeh
Okawaru
Qazlal
Ru
Sif Muna
Xom
Yredelemnul
Zin
The Shining One
Beogh

Shops:
D:5 }   D:7 *   D:10 %}   D:15 }   Orc:2 !(   Orc:3 ?   Orc:4 ([*:   Vaults:1 (
Vaults:3 ?   Depths:1 :

Portals:
Hell: Depths:1
Pandemonium: Depths:2
Trove: Depths:1 (give +4 demon trident)

Annotations:
D:6 PeterLawrence's ghost, experienced GrFi
D:15 1 runed door, exclusion: orange crystal statue
Lair:5 exclusion: 2 oklob plants
Lair:6 exclusion: oklob plant
Lair:8 1 runed door


Message History

* * * LOW HITPOINT WARNING * * *
The bolt of lightning misses you.
You hear a shout! x3
The titan gestures at you while chanting.
The bolt of lightning hits the titan.
The titan completely resists.
The bolt of lightning misses you. The titan hits you but does no damage.
You take 4 damage, and have 50/204 hp.
You hit the titan. You burn the titan. You hit the titan but do no damage.
The titan hits you!!
* * * LOW HITPOINT WARNING * * *
You take 30 damage, and have 21/204 hp.
The ogre misses you.
The titan waves its arms in wide circles.
The air twists around and strikes you! The ogre closely misses you.
The titan casts a spell at you.
The bolt of lightning hits the ogre.
The ogre dies!
The bolt of lightning hits you!
You die...

.....####......
..................
..................
#............# #.#
######)#)# #.+ #.#)#
#.######.#.#(#
#.##...#.#.#)##
#######@#(##...#.#).#
......C)#.#.∩^##.#).#
........#.#)#...##..#
###..##.#.#.######..#
#.. #C#.##.....'..#
#. #R#)########..#
###..##.)(..........#
.........[[.........#
....................#


You could see 2 titans and a rakshasa.

Vanquished Creatures
  Mara (Vaults:3)
  the Lernaean hydra (Swamp:4)
  The ghost of kroki the Minotaur Blade, a mighty MiGl of Ru (Depths:1)
  A lich (Depths:1)
  Jorgrun (Swamp:2)
  2 thorn hunters
  A sphinx (Vaults:4)
  A tengu reaver (Depths:2)
  A storm dragon (Depths:1)
  A fire giant (Depths:2)
  Maud (Orc:3)
  An iron dragon (Depths:2)
  5 vault wardens
  3 ghost moths
  4 frost giants
  A ghoul (Vaults:2)
  6 emperor scorpions
  7 ironheart preservers
  11 stone giants
  6 very ugly things
  Nessos (Lair:8)
  A blizzard demon (Depths:2)
  5 vault guards
  4 ettins
  7 fire dragons
  An ice dragon (shapeshifter) (D:14)
  An entropy weaver (Depths:1)
  3 great orbs of eyes
  16 hydras
  A hydra (shapeshifter) (Depths:2)
  11 yaktaur captains
  4 ice dragons
  A spriggan air mage (Depths:2)
  2 rakshasas
  A hell beast (Depths:1)
  A ghost crab (Swamp:4)
  6 alligators
  Erica (D:8)
  Erolcha (D:9)
  A salamander stormcaller (Vaults:3)
  3 deep troll earth magi
  11 ogre magi
  16 death yaks
  A vampire mage (Depths:2)
  6 centaur warriors
  A deep troll shaman (Depths:1)
  An orc high priest (Orc:3)
  4 deep elf knights
  3 iron trolls (Depths:1)
  An ice devil (Depths:2)
  A sun demon (Depths:2)
  2 fire crabs
  3 skeletal warriors (D:15)
  A spriggan druid (Swamp:4)
  2 deep elf summoners
  5 harpies
  An unseen horror (Vaults:1)
  2 flayed ghosts
  8 swamp dragons
  12 deep trolls
  4 orc knights
  A tengu zombie (Vaults:2)
  Pikel (D:5)
  2 giant orange brains
  2 shambling mangroves
  8 ironbrand convokers
  5 deep elf conjurers
  5 necromancers
  23 wolf spiders
  5 griffons
  An orb spider (shapeshifter) (Vaults:2)
  3 hornets
  A sphinx zombie (Vaults:2)
  10 hill giants
  5 cyclopes
  8 orb spiders
  A mana viper (shapeshifter) (Vaults:2)
  47 ugly things
  2 moths of wrath
  3 frost giant zombies
  6 black mambas
  12 elephants
  A manticore (Lair:6)
  2 molten gargoyles (Volcano)
  Maurice (Orc:3)
  A rust devil (Depths:1)
  A smoke demon (Depths:2)
  9 vault sentinels
  5 torpor snails (Lair:8)
  18 spiny frogs
  A gargoyle (D:12)
  2 fire drakes
  An efreet (Abyss:1)
  25 yaktaurs
  4 komodo dragons
  A demonic crawler (Spider:1)
  A yaktaur (shapeshifter) (Vaults:3)
  8 polar bears
  5 tengu conjurers
  7 giant leeches
  17 jumping spiders
  A blue devil (Depths:1)
  7 trolls
  A troll (shapeshifter) (D:15)
  3 freezing wraiths
  19 two-headed ogres
  3 deep elf priests (Vaults:2)
  15 blink frogs
  A fire vortex (Vaults:3)
  2 raiju (Lair:8)
  3 boulder beetles
  6 bog bodies
  21 slime creatures
  16 trapdoor spiders
  A human simulacrum (Vaults:3)
  A raiju (shapeshifter) (Depths:1)
  3 flying skulls (Depths:1)
  52 redbacks
  4 shadows
  A ynoxinul (Depths:2)
  3 wyverns
  An ettin skeleton (Vaults:2)
  A chaos spawn (Depths:2)
  2 spriggans (shapeshifter)
  15 tarantellas
  3 spriggans
  3 deep elf magi
  A wraith (Vaults:2)
  11 hippogriffs
  3 hungry ghosts
  9 yaks
  A yak (shapeshifter) (Vaults:3)
  5 basilisks
  A human (shapeshifter) (Depths:1)
  5 deep elf fighters
  18 vampire mosquitoes
  A golden eye (shapeshifter) (Vaults:4)
  2 soldier ants
  18 swamp worms
  24 wolves
  5 hell hounds
  2 insubstantial wisps (Swamp:1)
  2 mottled dragons
  11 wargs
  5 water moccasins
  11 porcupines
  A sky beast (D:8)
  A deep troll skeleton (Vaults:3)
  11 orc warriors
  15 spiders
  9 swamp drakes
  A black bear (shapeshifter) (D:15)
  2 large abominations (Abyss:1)
  2 ice beasts
  An orc zombie (Vaults:2)
  5 phantoms
  47 ogres
  7 wasps
  12 black bears
  6 boggarts
  An eye of draining (D:10)
  A human skeleton (Vaults:2)
  11 centaurs
  7 brain worms
  8 big kobolds
  Blork the orc (D:4)
  8 giant frogs
  6 crocodiles
  A water moccasin skeleton (D:4)
  16 wights
  17 scorpions
  4 killer bees (D:9)
  8 electric eels
  2 giant frog zombies
  20 hounds
  6 jellies
  A gnoll shaman (D:6)
  7 orc wizards
  7 crimson imps
  2 centaur skeletons
  4 centaur zombies
  3 giant frog skeletons
  9 orc priests
  3 iron imps (Depths:2)
  3 quasits
  2 iguanas
  10 worker ants
  31 sheep
  2 hound zombies
  A hound skeleton (D:4)
  A worker ant zombie (D:11)
  71 river rats
  9 adders
  12 gnolls
  A shadow imp (D:6)
  A white imp (Depths:2)
  15 oozes
  An adder skeleton (D:6)
  17 worms
  7 giant geckos
  37 orcs
  A bat skeleton (D:4)
  15 goblins
  22 hobgoblins
  14 jackals
  32 kobolds
  A ball python (D:4)
  21 bats
  8 giant cockroaches
  A giant gecko zombie (D:5)
  6 giant newts
  5 quokkas
  2 quokka skeletons (D:4)
  14 rats
  14 fungi
  9 plants
1456 creatures vanquished.

Vanquished Creatures (collateral kills)
  Frederick (Vaults:3)
  A storm dragon (Vaults:2)
  A shadow dragon (D:12)
  A fire giant (Depths:1)
  An orc warlord (Orc:4)
  2 vault wardens (Vaults:3)
  4 emperor scorpions (Spider:4)
  2 stone giants
  A very ugly thing (Vaults:3)
  2 ironheart preservers (Vaults:2)
  2 deep elf annihilators
  2 ettins
  2 vault guards (Vaults:2)
  Josephine (D:11)
  2 entropy weavers
  4 hydras
  An ice dragon (Vaults:4)
  2 centaur warriors (D:13)
  An alligator (Swamp:1)
  An ogre mage (Vaults:4)
  A salamander stormcaller (Vaults:2)
  The ghost of urechis the Spear-Bearer, an experienced MfSk of Yredelemnul (D:10)
  2 hell knights (Vaults:4)
  2 deep troll shamans
  3 death yaks (Lair:6)
  An orc high priest (Orc:4)
  3 skeletal warriors
  A deep elf knight (Vaults:3)
  A swamp dragon (Swamp:4)
  2 deep trolls (Vaults:3)
  2 lindwurms (Lair:8)
  4 harpies
  2 necromancers (Vaults:4)
  2 hill giants
  12 orc knights
  6 ironbrand convokers
  A wolf spider (shapeshifter) (D:15)
  7 orb spiders
  A wolf spider zombie (D:15)
  2 cyclopes
  A griffon (Vaults:4)
  8 wolf spiders
  A fire giant zombie (Vaults:2)
  A deep elf conjurer (D:15)
  11 orc warriors
  3 hornets
  3 orc sorcerers
  17 elephants
  7 ugly things
  2 moths of wrath
  A spiny frog (shapeshifter) (D:15)
  A vault sentinel (Vaults:3)
  Psyche (D:11)
  3 torpor snails
  2 centaur skeletons
  2 fire drakes (Lair:6)
  4 komodo dragons
  6 yaktaurs
  2 demonic crawlers (Spider:3)
  2 kobold demonologists
  7 trapdoor spiders
  3 spiny frogs
  A giant leech (Lair:8)
  2 two-headed ogres
  A polar bear (Lair:8)
  16 jumping spiders
  A wind drake (shapeshifter) (D:13)
  5 slime creatures
  3 boulder beetles
  3 fire vortices
  A bog body (Swamp:2)
  A sphinx simulacrum (Vaults:3)
  6 blink frogs
  A flying skull (Vaults:2)
  11 tarantellas
  12 redbacks
  A fire bat (shapeshifter) (D:13)
  10 yaks
  5 basilisks (Lair:6)
  2 vampire mosquitoes
  10 hippogriffs
  8 deep elf fighters
  2 wyverns (Lair:6)
  4 swamp worms
  3 wraiths (D:11)
  5 water moccasins
  An insubstantial wisp (Swamp:1)
  4 wolves
  3 wargs
  A soldier ant (D:14)
  14 spiders
  5 porcupines
  A black bear (Lair:8)
  4 ice beasts
  A hell hound (Lair:6)
  An eye of draining (shapeshifter) (Vaults:3)
  A wasp (Lair:8)
  7 ogres
  2 centaurs
  7 giant frogs
  A crocodile (Lair:2)
  A gnoll sergeant (D:10)
  A brain worm (Lair:8)
  19 scorpions
  A human simulacrum (Vaults:2)
  A wight (D:15)
  A killer bee (D:9)
  A jelly (D:9)
  8 orc wizards
  A giant frog skeleton (D:12)
  5 orc priests
  2 hounds
  2 worker ants
  4 iguanas
  A sheep (Lair:5)
  A giant frog simulacrum (D:12)
  2 gnolls (D:10)
  33 river rats
  3 worms (Lair:8)
  A giant gecko (D:11)
  29 orcs
  A goblin (Orc:1)
  5 bats
  2 jackals (Lair:8)
  2 kobolds
  3 rats
  3 fungi
  3 plants
481 creatures vanquished.

Vanquished Creatures (others)
  Margery (Vaults:4)
  A hydra (Swamp:4)
  Urug (Spider:3)
  A salamander stormcaller (Vaults:4)
  An orc high priest (Orc:4)
  21 orc knights
  A vault sentinel (Vaults:4)
  2 jumping spiders
  A boulder beetle (Spider:2)
  3 fire vortices
  2 spriggans (Swamp:4)
  21 orc warriors
  A swamp drake (Swamp:4)
  2 wasps (Swamp:4)
  3 ogres
  A boggart (shapeshifter) (Depths:1)
  A centaur (D:5)
  22 orc wizards
  28 orc priests
  A worker ant (D:3)
  An adder (D:3)
  A worm (D:3)
  109 orcs
  A giant cockroach (D:3)
  A ball python (D:3)
  A giant newt (D:3)
  A briar patch (Swamp:1)
  19 fungi
  18 plants
267 creatures vanquished.

Grand Total: 2204 creatures vanquished

Notes
Turn   | Place    | Note
--------------------------------------------------------------
     0 | D:1      | Fizybubbleh the Hill Orc Gladiator began the quest for the Orb.
     0 | D:1      | Reached XP level 1. HP: 18/18 MP: 1/1
   155 | D:1      | Reached XP level 2. HP: 16/25 MP: 2/2
   349 | D:1      | Reached skill level 5 in Axes
   557 | D:1      | Reached XP level 3. HP: 25/30 MP: 3/3
   953 | D:2      | Found a basalt altar of Yredelemnul.
   990 | D:2      | Found a white marble altar of Elyvilon.
   991 | D:2      | Found a deep blue altar of Sif Muna.
  1126 | D:2      | Reached skill level 6 in Axes
  1148 | D:2      | Found a glowing golden altar of the Shining One.
  1499 | D:2      | Reached XP level 4. HP: 27/37 MP: 4/4
  1512 | D:2      | Found a glowing silver altar of Zin.
  1858 | D:3      | Became a worshipper of Beogh the Brigand
  2054 | D:3      | Reached skill level 7 in Axes
  2054 | D:3      | Reached XP level 5. HP: 39/42 MP: 5/5
  2183 | D:3      | Acquired Beogh's first power
  2437 | D:3      | Reached skill level 8 in Axes
  2889 | D:3      | Found an iron altar of Okawaru.
  3043 | D:4      | Noticed a phantom
  3371 | D:4      | Reached XP level 6. HP: 29/50 MP: 6/6
  3385 | D:4      | Killed a phantom
  3385 | D:4      | Reached skill level 9 in Axes
  3735 | D:4      | Noticed Blork the orc
  3757 | D:4      | Killed Blork the orc
  3757 | D:4      | Reached skill level 10 in Axes
  3757 | D:4      | Reached XP level 7. HP: 25/56 MP: 7/7
  4146 | D:4      | Found a staircase to the Ecumenical Temple.
  4171 | D:4      | Acquired Beogh's second power
  4221 | D:4      | Reached skill level 11 in Axes
  4595 | D:4      | Noticed a fire elemental
  4597 | D:4      | Found a stormy altar of Qazlal.
  4598 | D:4      | Noticed an air elemental
  4598 | D:4      | Noticed a water elemental
  4783 | D:4      | Noticed a phantom
  5162 | D:5      | Entered Level 5 of the Dungeon
  5210 | D:5      | Noticed Pikel
  5251 | D:5      | Killed Pikel
  5251 | D:5      | Reached skill level 12 in Axes
  5251 | D:5      | Reached XP level 8. HP: 54/62 MP: 8/8
  5364 | D:5      | Reached skill level 13 in Axes
  5516 | D:5      | Found a shadowy altar of Dithmenos.
  5608 | D:5      | Found Ciuryamm's Gadget Emporium.
  5827 | D:6      | Found a sacrificial altar of Ru.
  5919 | D:6      | Reached skill level 14 in Axes
  6002 | D:6      | Reached XP level 9. HP: 58/68 MP: 9/9
  6059 | D:6      | Found a shattered altar of Ashenzari.
  6075 | D:6      | Reached skill level 1 in Armour
  6088 | D:6      | Acquired Beogh's third power
  6658 | D:6      | Reached skill level 5 in Fighting
  6924 | D:6      | Noticed an eight-headed hydra
  6976 | D:6      | Killed an eight-headed hydra
  7155 | D:6      | Noticed PeterLawrence's ghost (experienced GrFi)
  8037 | D:7      | Found a shimmering altar of Xom.
  8072 | D:7      | Reached XP level 10. HP: 83/90 MP: 10/10
  8081 | D:7      | Reached skill level 5 in Armour
  8172 | D:7      | Got a pitted troll leather armour
  8182 | D:7      | Found Gaihew's Assorted Antiques.
  8191 | D:7      | Bought a scroll labeled GOYMOL QAHEU for 31 gold pieces
  8191 | D:7      | Bought a scroll labeled PASUDOTINK for 31 gold pieces
  9032 | D:8      | Acquired Beogh's fourth power
  9077 | D:8      | Noticed Erica
  9096 | D:8      | Killed Erica
  9096 | D:8      | Reached skill level 10 in Fighting
  9366 | D:9      | Found an opulent altar of Gozag.
  9532 | D:9      | Gained Morun as an ally
  9551 | D:9      | Found a staircase to the Orcish Mines.
  9868 | D:9      | Found a sparkling altar of Nemelex Xobeh.
  9887 | D:9      | Noticed Erolcha
  9905 | D:9      | Killed Erolcha
  9905 | D:9      | Reached XP level 11. HP: 66/102 MP: 10/13
 10187 | D:9      | Gained Harm as an ally
 10430 | D:10     | Entered Level 10 of the Dungeon
 10464 | D:10     | Noticed urechis's ghost (experienced MfSk)
 10473 | D:10     | Killed urechis's ghost
 10489 | D:10     | Gained Alork as an ally
 10503 | D:10     | Acquired Beogh's fifth power
 10902 | D:10     | Identified the +4 troll leather armour of the Echidna {Regen+ Dex+4} (You found it on level 7 of the Dungeon)
 10979 | D:10     | Found Faenned's Gadget Shop.
 11022 | D:10     | Found Vohilill's Food Shoppe.
 11128 | D:10     | You fall through a shaft for 3 floors!
 11223 | D:11     | Noticed Josephine
 11230 | D:11     | Noticed Psyche
 11231 | D:11     | Found a flagged portal.
 11234 | Bailey   | Entered a bailey
 11338 | Bailey   | Noticed an orc knight
 11338 | Bailey   | Noticed an orc knight
 11338 | Bailey   | Noticed an orc knight
 11338 | Bailey   | Noticed an orc knight
 11346 | Bailey   | an orc knight (ally) was killed
 11346 | Bailey   | Gained Murdo as an ally
 11352 | Bailey   | Your ally Murdo died
 11356 | Bailey   | Killed an orc knight
 11356 | Bailey   | Gained Learuk as an ally
 11358 | Bailey   | an orc knight (ally) was killed
 11359 | Bailey   | Killed an orc knight
 11779 | Bailey   | Noticed an orc knight
 11790 | Bailey   | Noticed an orc knight
 11793 | Bailey   | Killed an orc knight
 11797 | Bailey   | Killed an orc knight
 11988 | D:11     | Killed Psyche
 11994 | D:11     | Killed Josephine
 12064 | D:11     | Reached skill level 10 in Armour
 12143 | D:11     | Found a staircase to the Lair.
 12797 | Lair:1   | Entered Level 1 of the Lair of Beasts
 13128 | Lair:1   | Reached XP level 12. HP: 113/116 MP: 15/15
 15326 | Lair:3   | Reached skill level 15 in Fighting
 15645 | Lair:3   | Noticed an eight-headed hydra
 15651 | Lair:3   | Killed a seven-headed hydra
 15824 | Lair:3   | Noticed an eight-headed hydra
 15830 | Lair:3   | HP: 4/122 [ten-headed hydra (10)]
 15832 | Lair:3   | Killed a 11-headed hydra
 16272 | Lair:3   | Gained Dorog as an ally
 16284 | Lair:3   | Found a staircase to the Swamp.
 16295 | Lair:3   | Reached skill level 16 in Fighting
 16956 | Lair:4   | Reached XP level 13. HP: 128/128 MP: 16/16
 17278 | Lair:5   | Gained Boderik as an ally
 17578 | Lair:5   | Reached XP level 14. HP: 138/138 MP: 16/19
 17832 | Lair:6   | Found a hole to the Spider Nest.
 17838 | Lair:6   | Reached skill level 17 in Fighting
 18584 | Orc:1    | Entered Level 1 of the Orcish Mines
 18642 | Orc:1    | Found a dark tunnel.
 18651 | Volcano  | Entered a volcano
 18823 | Volcano  | Found a radiant altar of Vehumet.
 19306 | Volcano  | Got a fine war axe
 19307 | Volcano  | Identified the +7 war axe "Concordance" {flame, rN+ MR+} (You found it in a volcano)
 19609 | Orc:2    | Found Vil Moxt's Antique Weapon Boutique.
 19616 | Orc:2    | Found Folied's Distillery.
 19620 | Orc:2    | Bought a glowing battleaxe for 188 gold pieces
 19637 | Orc:2    | Bought a potion of magic for 112 gold pieces
 19637 | Orc:2    | Bought 2 potions of brilliance for 112 gold pieces
 19762 | Orc:3    | Noticed Nergalle
 20056 | Orc:3    | Noticed Maud
 20069 | Orc:3    | Killed Maud
 20150 | Orc:3    | Found a staircase to the Elven Halls.
 20155 | Orc:3    | Found Vathroudda's Magic Scroll Emporium.
 20165 | Orc:3    | Noticed Maurice
 20169 | Orc:3    | Noticed Urug
 20174 | Orc:3    | Killed Maurice
 20363 | Orc:3    | Bought a scroll of acquirement for 780 gold pieces
 20601 | Orc:3    | Found a roughly hewn altar of Beogh.
 20799 | Orc:1    | Reached skill level 15 in Axes
 22025 | Lair:7   | Reached XP level 15. HP: 87/149 MP: 20/20
 22033 | Lair:7   | Reached skill level 18 in Fighting
 23123 | Lair:7   | Reached skill level 5 in Dodging
 23358 | Lair:8   | Entered Level 8 of the Lair of Beasts
 24325 | Lair:8   | Gained Murdo as an ally
 24339 | Lair:8   | Noticed Nessos
 24344 | Lair:8   | Your ally Murdo died
 24356 | Lair:8   | Killed Nessos
 24609 | Lair:8   | Gained Marbork as an ally
 24805 | Lair:8   | Got a brightly glowing buckler
 24811 | Lair:8   | Identified the +2 buckler of the Last Moons {*Contam Dex+2 SInv} (You found it on level 8 of the Lair of Beasts)
 24933 | Lair:8   | Found a runed door.
 25840 | D:12     | Noticed a deep elf annihilator
 25842 | D:12     | Noticed a shadow dragon
 25850 | D:12     | Noticed a yaktaur captain
 25861 | D:12     | Killed a shadow dragon
 25861 | D:12     | Reached skill level 10 in Dodging
 25865 | D:12     | Killed a yaktaur captain
 25865 | D:12     | Reached XP level 16. HP: 63/157 MP: 11/21
 25867 | D:12     | Killed a deep elf annihilator
 26679 | D:13     | Noticed a hill giant
 26687 | D:13     | Killed a hill giant
 26709 | D:13     | Noticed an ogre mage
 26713 | D:13     | Killed an ogre mage
 26720 | D:13     | Noticed a centaur warrior
 26725 | D:13     | Killed a centaur warrior
 26728 | D:13     | Noticed a centaur warrior
 26728 | D:13     | Your ally Boderik died
 26728 | D:13     | Gained Brandogh as an ally
 26733 | D:13     | Noticed an orc knight
 26741 | D:13     | Killed a centaur warrior
 26752 | D:13     | Killed an orc knight
 27212 | D:13     | Noticed a three-headed hydra
 27217 | D:13     | Killed a one-headed hydra
 27303 | D:13     | Found a gate to the Vaults.
 28029 | D:14     | Reached skill level 19 in Fighting
 28524 | D:15     | Entered Level 15 of the Dungeon
 28922 | D:15     | Found Roich's Gadget Shop.
 29084 | D:15     | Bought a phantom mirror for 420 gold pieces
 29117 | D:15     | Bought a disc of storms for 280 gold pieces
 29182 | D:15     | Found a runed door.
 30234 | D:15     | Found a staircase to the Depths.
 30236 | D:15     | Reached skill level 20 in Fighting
 30797 | Spider:1 | Entered Level 1 of the Spider Nest
 31160 | Spider:1 | Reached XP level 17. HP: 143/170 MP: 22/22
 32291 | Spider:1 | Gained Boruk as an ally
 32291 | Spider:1 | Gained Zorug as an ally
 33133 | Spider:2 | Gained Marbaugh as an ally
 33154 | Spider:2 | Your ally Marbaugh died
 33769 | Spider:2 | Reached skill level 10 in Evocations
 34496 | Spider:3 | Your ally Boruk died
 34513 | Spider:3 | Your ally Dorog died
 34528 | Spider:3 | Reached skill level 15 in Armour
 34950 | Spider:3 | Urug (ally) was killed
 34950 | Spider:3 | Your ally died
 35757 | Swamp:1  | Entered Level 1 of the Swamp
 36565 | Swamp:2  | Gained Boghold as an ally
 36622 | Swamp:2  | Reached XP level 18. HP: 152/178 MP: 25/25
 36655 | Swamp:2  | Your ally Boghold died
 36908 | Swamp:2  | Noticed Jorgrun
 36922 | Swamp:2  | Killed Jorgrun
 37311 | Orc:4    | Entered Level 4 of the Orcish Mines
 37379 | Orc:4    | Found Qudump's General Store.
 37383 | Orc:4    | Gained Milork as an ally
 37385 | Orc:4    | Found Ajudd's Book Boutique.
 37386 | Orc:4    | Found Yshon's Antique Armour Boutique.
 37386 | Orc:4    | Found Pathio Luev's Antique Weapon Shop.
 37391 | Orc:4    | Bought a translucent battleaxe for 402 gold pieces
 37543 | Orc:4    | Bought the +8 plate armour of Ebunul {rF+ Dex+3} for 1332 gold pieces
 37544 | Orc:4    | Identified the +6 battleaxe "String" {flame, rC+} (You bought it in a shop on level 4 of the Orcish Mines)
 38955 | Swamp:4  | Entered Level 4 of the Swamp
 39459 | Swamp:4  | Noticed the 27-headed Lernaean hydra
 39472 | Swamp:4  | Killed the 22-headed Lernaean hydra
 39472 | Swamp:4  | Gained Hawl as an ally
 39509 | Swamp:4  | Your ally Hawl died
 39584 | Swamp:4  | Got a decaying rune of Zot
 40164 | Spider:4 | Entered Level 4 of the Spider Nest
 40893 | Spider:4 | Reached XP level 19. HP: 119/185 MP: 4/26
 40910 | Spider:4 | Got a gossamer rune of Zot
 41471 | Vaults:1 | Entered Level 1 of the Vaults
 41526 | Vaults:1 | Paralysed by an ogre mage for 6 turns
 41792 | Vaults:1 | Gained Oruk as an ally
 41839 | Vaults:1 | Gained Zorug as an ally
 41840 | Vaults:1 | Gained Bogwik as an ally
 42386 | Vaults:1 | Your ally Bogwik died
 42694 | Vaults:1 | Found Museogu's Weapon Shoppe.
 42708 | Vaults:1 | Gained Agrik as an ally
 42784 | Vaults:1 | Your ally Oruk died
 42804 | Vaults:1 | Reached skill level 21 in Fighting
 44130 | Vaults:2 | Found a staircase to the Crypt.
 44178 | Vaults:2 | Gained Grimold as an ally
 44472 | Vaults:2 | Gained Korbok as an ally
 44473 | Vaults:2 | Your ally Korbok died
 44599 | Vaults:2 | Gained Thorok as an ally
 44936 | Vaults:3 | Reached XP level 20. HP: 198/198 MP: 27/27
 45175 | Vaults:3 | Noticed Frederick
 45181 | Vaults:3 | Killed Frederick
 45299 | Vaults:3 | Noticed Mara
 45311 | Vaults:3 | Noticed Fizybubbleh's illusion
 45316 | Vaults:3 | Killed Mara
 45318 | Vaults:3 | Killed Mara
 46112 | Vaults:3 | Gained Zorug as an ally
 46121 | Vaults:3 | Found Botuz's Magic Scroll Shop.
 46773 | Lair:7   | Learned a level 2 spell: Repel Missiles
 46777 | Lair:7   | Learned a level 3 spell: Spectral Weapon
 46780 | Lair:7   | Learned a level 2 spell: Swiftness
 47116 | Vaults:3 | Your ally Zorug died
 47194 | Vaults:4 | Reached skill level 1 in Charms
 47437 | Vaults:4 | Gained Morguth as an ally
 47508 | Vaults:4 | Learned a level 6 spell: Deflect Missiles
 47515 | Vaults:4 | Learned a level 6 spell: Haste
 47568 | Vaults:4 | Cast into the Abyss (an ogre mage)
 47674 | Vaults:4 | Escaped the Abyss
 47680 | Vaults:4 | Reached skill level 5 in Charms
 47834 | Vaults:4 | Gained Zorug as an ally
 47920 | Vaults:4 | Noticed Margery
 47932 | Vaults:4 | Your ally Morguth died
 47935 | Vaults:4 | Your ally Zorug died
 47937 | Vaults:4 | Killed Margery
 48785 | Vaults:4 | Reached XP level 21. HP: 204/204 MP: 27/30
 49099 | Depths:1 | Entered Level 1 of the Depths
 49161 | Depths:1 | Noticed kroki's ghost (mighty MiGl)
 50449 | Depths:1 | Killed kroki's ghost
 50712 | Depths:1 | Found a gateway to Hell.
 50860 | Depths:1 | Gained Wargrak as an ally
 50873 | Depths:1 | Reached skill level 10 in Charms
 50873 | Depths:1 | Gained Murdo as an ally
 50918 | Depths:1 | Your ally Wargrak died
 50927 | Depths:1 | Found Wewkeup's Book Boutique.
 50986 | Depths:1 | Your ally Murdo died
 51150 | Depths:1 | Gained Murdo as an ally
 51159 | Depths:1 | Your ally Murdo died
 51364 | Depths:1 | Found a portal to a secret trove of treasure.
 52211 | Depths:2 | Reached skill level 1 in Air Magic
 52724 | Depths:2 | Found a one-way gate leading to the halls of Pandemonium.
 52730 | Depths:2 | Reached skill level 1 in Hexes
 52833 | Depths:2 | Killed from afar by a titan

Vault maps used:
D:1:      dpeg_arrival_water_fire, minmay_liquid_box
D:2:      tso_metal_star, zin_scriptorium, nicolae_overflow_crystal_walls,
          minitemple, first_bread
D:3:      nicolae_overflow_hidden_temple
D:4:      nicolae_qazlal_style_of_elements, minmay_temple_entry_glassed_door,
          uniq_blork_the_orc
D:5:      grunt_dithmenos_smoke_and_mirrors, serial_shops, shop, uniq_pikel
D:6:      old_standard_altar, cheibrodos_ashenzari_chains, minmay_three_doors
D:7:      statuecave_lemuel, old_standard_altar, serial_shops, shop
D:8:      uniq_erica
D:9:      lemuel_slime, nicolae_gozag_seed_capital, nemelex_altar_shiori,
          david_orc_2, uniq_erolcha
D:10:     serial_shops, shop, kennysheep_mini_moat, serial_bayou,
          serial_bayou_pond_d, serial_bayou_pond_b, serial_bayou_crossing,
          serial_bayou_lagoon_a
D:11:     grunt_lair_entry_elf_guard_hut, enter_bailey_2, uniq_josephine,
          uniq_psyche
D:12:     minmay_containers
D:13:     hangedman_vaults_entry_quadrant_bands, hangedman_ranch
D:14:     hangedman_decor_growths
D:15:     gammafunk_enter_depths_forms, serial_shops, shop, minivault_16,
          grunt_ministairs_14, minmay_crystal_box
Lair:1:   grunt_megastairs_2
Lair:2:   serial_bayou_shore_a, grunt_megastairs_1
Lair:3:   mu_elephants_graveyard, nicolae_swamp_entry_splash_gauntlet,
          lemuel_fruit_tree
Lair:4:   grunt_forest_small_clearing_treed, grunt_megastairs_3
Lair:5:   disabler_island, infiniplex_staircase_pool
Lair:6:   nicolae_spider_entry_tight_spaces, minmay_slime_entry_oklob_enclosed
Lair:7:   portal_ice_cave_entry_dragon, roderic_lost_polar_bear
Lair:8:   hangedman_lair_caniforms_friends, wormcave,
          nicolae_quartered_pool_little, uniq_nessos
Swamp:1:  evilmike_swamp_ruin_house_5
Swamp:2:  evilmike_swamp_ruin_rubble_2, uniq_jorgrun
Swamp:3:  serial_swamp_ruin, evilmike_swamp_ruin_wall,
          evilmike_swamp_ruin_house_6
Swamp:4:  swamp_old_school
Spider:2: hangedman_stitches_earthworm
Spider:3: spiders_nest_a
Spider:4: grunt_spider_rune_circles, spider_trap
Orc:1:    enter_volcano_2
Orc:2:    serial_shops, nicolae_shop_crystal, shop_fountains, uniq_snorg
Orc:3:    serial_shops, nicolae_shop_behind_doors, nicolae_orc_pool_cavern,
          minmay_orc_temple_c, uniq_urug, uniq_maurice, uniq_nergalle, uniq_maud
Orc:4:    st_orc_congregation
Vaults:1: hangedman_vaults_stream, vaults_mumra_chevron, v_misc_13, v_misc_17,
          hangedman_vaults_nails, vaults_dpeg_diagonal, v_misc_13, kb_rosetta,
          hangedman_vaults_nails, v_misc_15, vaults_room_fancy_cross,
          nicolae_vaults_little_squares_2, hangedman_vaults_trim,
          vaults_room_fancy_cross, serial_shops, shop
Vaults:2: grunt_vaults_diagonal, vaults_standard_mumra_lines, v_misc_10,
          minmay_crypt_entry_simple_statues, v_pattern_1, v_misc_25,
          grunt_vaults_funnel, v_rooms_5, ontoclasm_vaults_shout,
          vaults_room_grunt_arrival_checkpoint, nicolae_vaults_little_squares_3
Vaults:3: v_pattern_4, vaults_mumra_minichess, v_misc_33,
          vaults_standard_mumra_enter_the_diamond, hangedman_vaults_trim,
          vaults_room_door_ring, nicolae_vaults_alarming,
          nicolae_vaults_little_squares_3, ontoclasm_vaults_ligature,
          ontoclasm_vaults_shuriken, vaults_room_hallway, stair_cage_open,
          vaults_dpeg_cross, vaults_room_octagon, serial_shops, shop, uniq_mara,
          uniq_norris, uniq_frederick
Vaults:4: ontoclasm_vaults_chip, st_cells, v_rooms_5, hangedman_vaults_impose,
          v_misc_17, nicolae_vaults_little_ls, vaults_dpeg_ring,
          vaults_room_pools, uniq_margery
Depths:1: nicolae_trove_entry_diagonal, grunt_mini_vestibule, serial_shops,
          shop, minmay_pinched_square, grunt_megastairs_4
Depths:2: evilmike_hourglass, grunt_pan_entry_spiral, hangedman_geh_valley,
          hangedman_abyss_or_decor_passed
Bailey:   bailey_polearm_5, bailey
Volcano:  volcano_lake

Action                   |  1- 3 |  4- 6 |  7- 9 | 10-12 | 13-15 | 16-18 | 19-21 || total
-------------------------+-------+-------+-------+-------+-------+-------+-------++-------
Melee: War axe           |   108 |   161 |   310 |   592 |   840 |   998 |       ||  3009
       Whip              |       |       |    39 |       |       |       |       ||    39
       Scimitar          |       |       |       |     5 |       |       |       ||     5
       Battleaxe         |       |       |       |       |       |   352 |  1302 ||  1654
 Fire: Blowgun           |       |       |     5 |       |       |       |       ||     5
Throw: Throwing net      |       |       |     3 |       |       |       |       ||     3
       Tomahawk          |       |       |       |     9 |       |       |       ||     9
 Cast: Repel Missiles    |       |       |       |       |       |       |     2 ||     2
Invok: Convert to Beogh  |       |     1 |       |       |       |       |       ||     1
       Smiting           |       |       |       |     3 |     9 |    24 |    19 ||    55
       Give Item to Name |       |       |       |     1 |     4 |       |     2 ||     7
       Recall Orcish Fol |       |       |       |     1 |     2 |     2 |     1 ||     6
       Stop Recall       |       |       |       |     1 |     2 |     2 |     1 ||     6
Evoke: Wand              |       |       |     8 |     8 |     4 |     2 |     4 ||    26
       Sack of spiders   |       |       |       |       |       |     4 |     1 ||     5
       Disc of storms    |       |       |       |       |       |     1 |     2 ||     3
       Phantom mirror    |       |       |       |       |       |     1 |       ||     1
  Use: Scroll            |       |    10 |     9 |    15 |     6 |     8 |     1 ||    49
       Potion            |       |     2 |     2 |     3 |     3 |     3 |     6 ||    19
 Stab: Invisible         |       |       |       |     5 |       |       |       ||     5
       Distracted        |       |       |       |     5 |     9 |    12 |    11 ||    37
       Held in net/web   |       |       |       |       |       |     3 |       ||     3
  Eat: Chunk             |     2 |     7 |    11 |    17 |    11 |     2 |     8 ||    58
       Bread ration      |       |       |     1 |     2 |     1 |     9 |     3 ||    16
       Meat ration       |       |       |       |     1 |     3 |     1 |     3 ||     8
       Fruit             |       |       |       |       |       |     4 |     1 ||     5
       Beef jerky        |       |       |       |       |       |     1 |     1 ||     2
